 Dungeon Crawl Stone Soup version 0.19.5 (webtiles) character file.

134 Nosebeggar the Chopper (level 4, 0/61 HPs)
             Began as a Minotaur Berserker on Mar 24, 2017.
             Was a Believer of Trog.
             Slain by Robin
             ... wielding a +0 short sword
              (3 damage)
             ... on level 4 of the Dungeon.
             The game lasted 00:30:11 (2395 turns).

Nosebeggar the Chopper (Minotaur Berserker)         Turns: 2395, Time: 00:30:12

Health: 0/61       AC:  3    Str: 28    XL:     4   Next: 95%
Magic:  0/3        EV: 13    Int:  4    God:    Trog [**....]
Gold:   98         SH:  0    Dex: 11    Spells: 0 memorised, 3 levels left

rFire  . . .     SeeInvis .     F - +0 mace
rCold  . . .     Gourm    .     h - +0 leather armour
rNeg   . . .     Faith    .     (no shield)
rPois  .         Spirit   .     (helmet restricted)
rElec  .         Reflect  .     (no cloak)
rCorr  .         Harm     .     (no gloves)
MR     ++...                    (no boots)
Stlth  ..........               w - amulet of inaccuracy (curse)
                                (no ring)
                                z - +2 ring of dexterity

@: berserking, regenerating, very quick
A: retaliatory headbutt, horns 2
a: Berserk, Trog's Hand, Burn Spellbooks, Renounce Religion


You were on level 4 of the Dungeon.
You worshipped Trog.
Trog was pleased with you.
You were hungry.

You visited 1 branch of the dungeon, and saw 4 of its levels.

You collected 98 gold pieces.

Inventory:

Hand Weapons
 a - a +0 hand axe {Killör}
 c - a +0 whip
 f - a +0 club
 k - a cursed -2 club
 l - a +0 club
 m - a +0 short sword
 n - a cursed -2 dagger
 o - a +0 club
 q - a +0 club
 r - a +0 club
 s - a +0 club
 t - a +0 whip
 x - a +0 dagger
 y - a +1 whip of pain
 C - a +0 dagger
 D - a +0 hunting sling
 F - a +0 mace (weapon)
 H - a +0 dagger
 J - a +0 dagger
 N - a +0 long sword
 O - a +0 dagger
 P - a +0 short sword
 Q - a +0 dagger
Missiles
 g - 40 stones (quivered)
 i - 35 arrows
 L - 26 sling bullets
Armour
 b - a +0 animal skin
 h - a +0 leather armour (worn)
 A - a +0 robe
 G - a +0 leather armour
Jewellery
 w - a cursed amulet of inaccuracy (around neck)
 z - a +2 ring of dexterity (left hand)
Scrolls
 u - a scroll of blinking {unknown}
 v - 3 scrolls of identify {unknown}
 B - a scroll of remove curse {unknown}
 E - a scroll of fear
 I - 2 scrolls of fog {unknown}
 R - a scroll of recharging {unknown}
Potions
 e - a potion of brilliance {unknown}
 j - a potion of degeneration {unknown}
 M - a potion of curing
 S - a potion of flight {unknown}
Comestibles
 p - a beef jerky
 K - 2 bread rations


   Skills:
 + Level 4.7 Fighting
 + Level 5.0 Axes
 + Level 0.5(3.1) Maces & Flails
 + Level 2.8 Armour
 + Level 3.2 Dodging
 + Level 0.3 Stealth


You had 3 spell levels left.
You didn't know any spells.

Dungeon Overview and Level Annotations

Branches:
Dungeon (4/15)
 Temple: D:4-7

Altars:
Gozag
Makhleb
Nemelex Xobeh
Qazlal

Annotations:
D:4 Edmund, Robin


Innate Abilities, Weirdness & Mutations

You reflexively headbutt those who attack you in melee.
You have a pair of horns on your head.


Message History

Robin says, "Feeling lonely?"
Robin hits you with a short sword.
* * * LOW HITPOINT WARNING * * *
You miss Edmund.
Edmund is moderately wounded.
Robin hits you with a short sword.
* * * LOW HITPOINT WARNING * * *
Edmund hits you with an antimagic flail.
* * * LOW HITPOINT WARNING * * *
Unknown command.
You closely miss Edmund.
Edmund is moderately wounded.
Robin closely misses you. You furiously retaliate!
You headbutt Robin! You barely miss Edmund.
Edmund is moderately wounded.
Edmund closely misses you.
You closely miss Edmund.
Edmund is moderately wounded.
Robin hits you with a short sword.
You die...

##. #.. #.#
#$# #.# #
#.####.###
##)........
#)g†.......
#)@@##..##
#...#
#.....
#.#.##..
#(#.# ##
#.#.# #.#..
#....


You could see Edmund and Robin.

Vanquished Creatures
  5 adders
  3 oozes
  2 dart slugs
  A leopard gecko (D:2)
  5 bats
  4 giant cockroaches
  15 goblins
  6 hobgoblins
  7 jackals (D:1)
  8 kobolds
  5 frilled lizards
  9 rats
  3 plants (D:2)
73 creatures vanquished.

Vanquished Creatures (others)
  A hobgoblin (D:2)
  A quokka skeleton (D:4)
2 creatures vanquished.

Grand Total: 75 creatures vanquished

Notes
Turn   | Place    | Note
-------+----------+-------------------------------------------
     0 | D:1      | Nosebeggar the Minotaur Berserker began the quest for the Orb.
     0 | D:1      | Reached XP level 1. HP: 19/19 MP: 0/0
   162 | D:1      | Reached XP level 2. HP: 15/27 MP: 1/1
   714 | D:1      | Reached XP level 3. HP: 34/34 MP: 2/2
   719 | D:1      | Reached skill level 4 in Axes
   737 | D:1      | Reached ** piety under Trog
  1020 | D:1      | Test
  1071 | D:2      | Reached XP level 4. HP: 21/41 MP: 3/3
  1638 | D:2      | Found a sparkling altar of Nemelex Xobeh.
  1725 | D:3      | Found an opulent altar of Gozag.
  2085 | D:3      | Found a stormy altar of Qazlal.
  2280 | D:3      | Found a burning altar of Makhleb.
  2376 | D:4      | Noticed Edmund
  2376 | D:4      | Noticed Robin
  2388 | D:4      | Reached skill level 5 in Axes
  2392 | D:4      | HP: 1/61 [Edmund/antimagic flail (4)]
  2395 | D:4      | Slain by Robin

Skill      XL: |  1  2  3  4 |
---------------+-------------+-----
Fighting       | 4 |  4.7
Axes           | 4 5 |  5.0
Dodging        | 3 |  3.2
Maces & Flails | |  0.5
Armour         | |  2.8
Stealth        | |  0.3

Action                   |  1- 3 |  4- 6 || total
-------------------------+-------+-------++-------
Melee: Hand axe          |    73 |    89 ||   162
       Headbutt          |    14 |    29 ||    43
       Mace              |       |    33 ||    33
Invok: Berserk           |       |     1 ||     1
       Trog's Hand       |       |     1 ||     1
  Use: Potion            |       |     2 ||     2
       Scroll            |       |     1 ||     1
  Eat: Bread ration      |       |     1 ||     1
       Chunk             |       |     1 ||     1
Armor: Animal skin       |     2 |       ||     2
       Leather armour    |    22 |    13 ||    35
Dodge: Dodged            |    51 |    61 ||   112
